AoeStats
← teccojc

Glade

510559774Analyzed
1v1 RM · 24h ago on Oct 1, 2026· 52m 49s· 2 players
Game mode
Random Map
Map size
Tiny (2 player)
Population
200
Speed
Normal
Resources
Standard
Victory
Conquest
Starting age
Dark Age
Ending age
Imperial Age
RankedLock teamsTeams togetherTeam positionsShared explorationLock speedFull tech treeHidden civsTurbo modeCheats
Victory
Defeat
🇦🇷 Spanish · Argentina
979
+15
🇨🇳 Armenians · China
948
-15
Exusiai
6:55 Loom
9:22 Feudal Age
11:00 Man-at-Arms
12:31 Forging
12:26 Long Swordsman
15:05 Arson
16:32 Scale Mail Armor
22:59 Castle Age
21:11 Double-Bit Axe
22:26 Stone Mining
22:21 Horse Collar
23:08 Elite Skirmisher
23:58 Heavy Plow
24:16 Bow Saw
25:10 Pikeman
26:30 Gambesons
26:46 Squires
29:19 Two-Handed Swordsman
30:19 Gold Mining
33:03 Padded Archer Armor
36:34 Gold Shaft Mining
39:41 Leather Archer Armor
39:17 Fletching
46:20 Imperial Age
43:18 Champion
48:05 Block Printing
teccojc
11:29 Feudal Age
14:06 Loom
19:03 Castle Age
22:38 Forging
25:02 Husbandry
26:40 Double-Bit Axe
31:44 Iron Casting
41:23 Imperial Age
40:36 Bow Saw
40:53 Scale Barding Armor
40:47 Fletching
41:26 Bloodlines
40:37 Light Cavalry
41:27 Horse Collar
42:51 Hussar
45:07 Chemistry
45:45 Blast Furnace
47:43 Wheelbarrow
47:58 Chain Barding Armor
49:20 Onager
51:06 Elite Conquistador
Connection lost

Rejoining the realm…

Still unreachable

The connection could not be restored.

Session expired

The server has moved on; the page needs a fresh start.